Map: Backwater LE

Players

Juxtapose

  • Race: Zerg Zerg
  • League: Platinum
  • Spawn Location: 5:00

Jaos - Winner!

  • Race: Protoss Protoss
  • League: Diamond
  • Spawn Location: 11:00

VOD

https://youtu.be/yb1KlphIGOo

Description

My first time playing on this map, and I decided to toy with Zerglings and Banelings instead of fast teching to Roaches. Ironically said fast teching would likely have served me better.

Another problem I seem to be having these days is sticking with a strategy that's not working and waiting to tech to what's needed.

For example, if I would have immediately went for Lurkers and had them in the earlier engagements, I believe I would have taken my opponent, but instead I stubbornly stuck to Zerglings, Banelings, and Hydralisks.

A mindset I need to work better on.

Time

  • Played on: Jan. 29, 2018, 7:54 p.m.
  • Length: 18:02
Show
View Real Time Build Order
Export as new Build Order

Juxtapose Zerg 

Build Orders: Hatch First, Lurkers 

Get SALT Encoding   

  12  0:01  Drone  
  13  0:09  Drone  
  14  0:17  Overlord  
  14  0:35  Drone x2  
  16  0:55  Hatchery  
  16  0:56  Drone  
  16  1:01  Drone  
  16  1:02  Extractor  
  16  1:15  Spawning Pool  
  15  1:19  Drone  
  15  1:25  Overlord  
  16  1:41  Drone  
  16  1:45  Drone x2  
  19  1:55  Drone  
  20  2:02  Queen  
  20  2:04  Zergling x2  
  23  2:09  Queen  
  25  2:20  Zergling x6  
  28  2:29  Drone x2  
  30  2:48  Extractor, Drone x2  
  30  2:50  Drone  
  32  3:02  Drone  
  32  3:03  Drone x2  
  35  3:11  Drone  
  35  3:12  Overlord  
  35  3:33  Zergling x4, Drone x4  
  40  3:35  Metabolic Boost  
  40  3:39  Baneling Nest  
  40  3:40  Drone  
  40  3:56  Drone x3  
  40  3:57  Overlord  
  43  4:09  Lair  
  43  4:15  Queen  
  45  4:23  Drone  
  45  4:24  Drone x5  
  49  4:25  Overlord  
  49  4:26  Overlord  
  51  4:46  Evolution Chamber  
  51  4:51  Zergling x4, Drone x5  
  51  4:52  Zergling x2  
  58  4:55  Extractor  
  58  4:57  Extractor  
  58  4:58  Spore Crawler  
  55  5:00  Spore Crawler  
  52  5:13  Baneling x5  
  52  5:23  Hydralisk Den, Centrifical Hooks  
  52  5:25  Overlord x3  
  51  5:28  Drone x2  
  51  5:29  Drone x3  
  51  5:30  Drone x2  
  56  6:04  Hatchery  
  56  6:08  Zerg Ground Armor Level 1  
  56  6:09  Drone  
  56  6:14  Hydralisk x7  
  56  6:15  Hydralisk x3  
  76  6:18  Hydralisk  
  78  6:29  Queen  
  80  6:37  Muscular Augments  
  79  6:53  Hydralisk x6  
  91  6:54  Zergling x2  
  92  7:06  Overlord x2  
  92  7:21  Drone  
  93  7:26  Hydralisk x4  
  93  7:27  Hydralisk x2  
  93  7:28  Overlord  
  93  7:29  Overlord  
  106  7:30  Zergling x6  
  106  7:32  Zergling x2  
  109  7:44  Overseer x2  
  109  7:46  Drone  
  109  7:48  Baneling Nest  
  110  7:52  Spore Crawler, Drone  
  110  7:53  Hydralisk, Drone x4  
  116  8:04  Zergling x6  
  116  8:05  Zergling x4  
  121  8:19  Grooved Spines  
  121  8:21  Zerg Missile Weapons Level 1  
  109  8:47  Hydralisk x5  
  109  8:48  Zergling x8  
  116  8:49  Hydralisk x3, Zergling x8  
  116  8:50  Hydralisk  
  96  9:30  Hydralisk x4  
  96  9:31  Zergling x10  
  88  9:42  Overseer x2  
  88  9:43  Overlord x2  
  88  9:44  Zergling x4  
  88  9:45  Hydralisk x2, Zergling x8  
  98  9:49  Drone  
  99  10:01  Extractor  
  99  10:03  Extractor  
  97  10:11  Lurker Den  
  97  10:13  Zergling x8  
  100  10:15  Zerg Melee Weapons Level 1  
  100  10:16  Baneling x3  
  100  10:17  Baneling x3  
  100  10:27  Hydralisk x3  
  100  10:28  Hydralisk x4  
  110  10:29  Zergling x10  
  119  10:46  Pneumatized Carapace  
  119  10:49  Drone x3  
  122  11:04  Baneling x4  
  122  11:10  Drone x3  
  125  11:16  Hydralisk x2  
  125  11:18  Overlord, Zergling x2  
  130  11:19  Overlord x3  
  130  11:23  Hatchery  
  94  11:50  Infestation Pit  
  94  11:51  Hydralisk x6, Zergling x10  
  94  11:52  Hydralisk x2  
  110  12:09  Zerg Ground Armor Level 2  
  87  12:38  Hydralisk, Zergling x6  
  87  12:39  Hydralisk x4, Zergling x4  
  102  12:47  Hive  
  102  12:52  Lurker x4  
  106  13:14  Zergling x10  
  106  13:15  Drone x6  
  117  13:35  Baneling x3  
  117  13:36  Baneling x2  
  89  14:10  Hydralisk x2  
  89  14:11  Hydralisk x4  
  89  14:12  Hydralisk x4, Zergling x12  
  89  14:13  Hydralisk x3  
  89  14:14  Zergling x12  
  89  14:15  Zergling x2  
  128  14:37  Baneling x4  
  128  14:39  Zerg Missile Weapons Level 2  
  128  14:41  Hydralisk x7  
  128  14:42  Hydralisk, Zergling x2  
  128  14:43  Zergling x12  
  151  14:45  Adaptive Talons  
  151  14:54  Ultralisk Cavern  
  151  14:55  Overlord x2  
  127  15:17  Zergling x12  
  127  15:18  Zergling x4  
  81  15:42  Hydralisk, Zergling x8  
  74  15:43  Hydralisk x3, Zergling x6  
  74  15:44  Zergling x14  
  74  15:45  Zergling x2  
  93  15:51  Baneling x5  
  93  15:52  Baneling  
  88  16:05  Queen  
  59  16:19  Hatchery  
  53  16:29  Chitinous Plating  
  53  16:31  Ultralisk  
  59  16:39  Queen  
  61  16:41  Queen  
  63  16:54  Overseer x2  
  63  17:10  Drone x6  
Show
View Real Time Build Order
Export as new Build Order

Jaos Protoss - Winner!

Build Orders: 1 Gate Expand, Oracle Opening 

Get SALT Encoding   

  12  0:00  Probe  
  13  0:13  Probe  
  14  0:21  Pylon  
  14  0:25  Probe  
  15  0:39  Probe  
  16  0:45  Gateway  
  16  0:53  Probe (Chrono Boost)  
  17  1:04  Probe (Chrono Boost)  
  18  1:05  Assimilator  
  18  1:08  Probe (Chrono Boost)  
  19  1:20  Probe  
  20  1:35  Cybernetics Core  
  20  1:41  Nexus  
  20  1:45  Probe  
  21  1:48  Assimilator  
  21  1:57  Probe  
  22  2:02  Pylon  
  22  2:10  Probe  
  23  2:16  Warp Gate  
  23  2:20  Adept  
  25  2:24  Gateway  
  25  2:46  Probe (Chrono Boost)  
  26  2:55  Probe (Chrono Boost)  
  28  3:03  Probe (Chrono Boost)  
  28  3:05  Probe (Chrono Boost)  
  29  3:06  Stargate, Adept  
  29  3:09  Probe (Chrono Boost)  
  29  3:10  Probe (Chrono Boost)  
  33  3:21  Probe x2  
  35  3:33  Probe x2  
  35  3:45  Adept x2, Probe  
  35  3:46  Probe  
  41  3:56  Oracle (Chrono Boost)  
  41  3:58  Probe x2  
  46  4:05  Gateway  
  46  4:07  Gateway  
  46  4:08  Twilight Council  
  46  4:15  Pylon  
  46  4:17  Assimilator  
  46  4:22  Assimilator  
  46  4:32  Phoenix (Chrono Boost)  
  46  4:33  Probe x2  
  50  4:45  Shield Battery, Probe x2  
  52  4:51  Nexus  
  52  4:57  Probe x2  
  51  5:16  Fleet Beacon  
  51  5:18  Forge  
  51  5:21  Forge  
  51  5:23  Charge (Chrono Boost)  
  51  5:32  Adept  
  51  5:33  Pylon  
  53  5:39  Pylon  
  53  5:46  Probe  
  53  5:47  Pylon  
  53  5:49  Protoss Ground Weapons Level 1 (Chrono Boost), Protoss Ground Armor Level 1 (Chrono Boost)  
  54  5:51  Pylon  
  54  5:52  Probe  
  55  5:57  Adept x4  
  63  6:06  Gateway  
  63  6:08  Gateway, Probe (Chrono Boost)  
  63  6:10  Gateway  
  66  6:12  Probe (Chrono Boost)  
  66  6:13  Probe (Chrono Boost)  
  66  6:17  Probe (Chrono Boost)  
  67  6:21  Probe x2 (Chrono Boost)  
  69  6:29  Adept x2  
  69  6:30  Sentry x2  
  77  6:41  Robotics Facility  
  77  6:47  Probe x2  
  77  6:48  Probe  
  80  6:59  Probe  
  80  7:00  Probe x2  
  83  7:10  Sentry x4  
  89  7:20  Stalker x2  
  89  7:21  Stalker  
  95  7:26  Probe x3  
  98  7:32  Assimilator  
  98  7:33  Protoss Ground Weapons Level 2 (Chrono Boost)  
  98  7:34  Protoss Ground Armor Level 2 (Chrono Boost)  
  98  7:36  Assimilator  
  98  7:38  Probe x2  
  98  7:39  Probe  
  98  7:42  Pylon  
  98  7:44  Pylon  
  101  7:48  Templar Archives  
  101  7:50  Pylon  
  101  7:54  Pylon  
  101  7:59  Immortal (Chrono Boost)  
  101  8:00  Probe x3  
  108  8:06  Zealot x4  
  108  8:10  Zealot x3  
  122  8:13  Psionic Storm  
  122  8:20  Robotics Facility  
  122  8:33  Zealot  
  122  8:34  Zealot x3  
  114  8:35  Zealot x3  
  98  8:56  Zealot  
  98  8:57  Zealot x4  
  98  8:58  Zealot x2  
  106  9:03  Immortal  
  106  9:08  Immortal  
  114  9:16  Gateway  
  114  9:20  Gateway  
  114  9:21  Gateway  
  106  9:25  Gateway  
  106  9:26  Zealot x2  
  106  9:27  Zealot x4  
  106  9:28  Zealot  
  106  9:54  Immortal  
  106  9:55  Immortal  
  114  10:00  Nexus  
  114  10:01  Pylon  
  114  10:12  Pylon  
  114  10:14  Pylon  
  114  10:19  High Templar x3  
  114  10:20  High Templar x2  
  124  10:25  Protoss Ground Weapons Level 3 (Chrono Boost)  
  124  10:26  Protoss Ground Armor Level 3 (Chrono Boost)  
  124  10:35  Zealot x5  
  132  10:36  Zealot  
  136  10:47  Shield Battery  
  136  10:50  Shield Battery  
  136  10:52  High Templar x3  
  136  10:53  High Templar  
  136  10:54  High Templar  
  136  10:55  High Templar  
  136  10:57  Archon x2  
  148  10:59  Archon  
  148  11:02  Warp Prism  
  148  11:03  Immortal  
  154  11:09  Sentry  
  156  11:13  Probe x3  
  156  11:14  Probe  
  156  11:15  Sentry x3  
  156  11:16  Sentry  
  165  11:46  Nexus  
  165  11:53  Pylon  
  165  11:55  Pylon  
  165  11:58  Pylon  
  165  12:01  Pylon  
  165  12:19  Immortal x2  
  159  12:35  Zealot x5  
  159  12:36  Zealot x3  
  167  12:37  Zealot x3  
  173  12:49  Pylon  
  173  12:50  Pylon  
  173  12:52  Pylon  
  173  12:59  High Templar x6  
  173  13:02  Archon  
  173  13:03  Archon x2  
  185  13:05  Sentry  
  185  13:10  Sentry x4  
  195  13:17  Sentry  
  195  13:18  Sentry x3  
  183  13:52  Observer x2  
  185  13:56  Probe x4  
  189  14:06  Assimilator  
  189  14:10  Assimilator  
  189  14:41  Stargate  
  189  14:43  Stargate  
  189  14:48  Fleet Beacon  
  109  15:55  Zealot x5  
  109  15:56  Zealot x2  
  123  15:57  Zealot x2  
  127  16:07  Immortal x2  
  129  16:24  Graviton Catapult  
  117  16:28  Carrier x3  
  135  16:42  Nexus, Zealot x4  
  135  16:43  Sentry x2  
  135  16:44  Sentry x3  
  135  16:45  Pylon, Zealot x2  
  135  16:46  Pylon  
  157  16:48  Pylon  
  157  16:49  Pylon  
  157  16:51  Pylon  
  157  17:03  High Templar x4  
  157  17:06  High Templar x2  
  157  17:07  Archon  
  157  17:08  Archon  
  169  17:10  Archon  
  169  17:13  Stalker x2  
  169  17:14  Stalker x3  
  179  17:40  Zealot x4  
  179  17:41  Zealot x3  
  179  17:42  Zealot x3  
Tags
 
Add a new tag
Caveats
  • Supply blocks, unpowered buildings, or Contaminate may cause inaccurate times.
  • Supply counts are checked every 10 seconds.